 Dungeon Crawl Stone Soup version 0.31-a0-37-g98a128e1d9 (webtiles) character file.

Game seed: 6170302224494671071

387 subawu the Trooper (level 6, 0/49 HPs)
             Began as a Demonspawn Chaos Knight on May 16, 2023.
             Was a Plaything of Xom.
             Slain by an orc
             ... wielding a +0 whip
              (2 damage)
             ... on level 4 of the Dungeon.
             The game lasted 00:10:19 (2582 turns).

subawu the Trooper (Demonspawn Chaos Knight)        Turns: 2582, Time: 00:10:22

Health: 0/49       AC: 10    Str: 14    XL:     6   Next: 49%
Magic:  6/6        EV:  9    Int: 13    God:    Xom [....*.]
Gold:   208        SH:  0    Dex: 13    Spells: 5/5 levels left

rFire   . . .        A - +2 spear (flame)
rCold   . . .        (no shield)
rNeg    . . .        x - +0 chain mail
rPois   .            (no helmet)
rElec   .            (no cloak)
rCorr   .            (no gloves)
SInv    .            p - +0 pair of boots
Will    .....        (no amulet) Stlth
                     (no ring)
HPRegen 0.28/turn    (no ring)
MPRegen 0.20/turn

%: no passive effects
@: no status effects
A: hooves 1, repulsion field 1, magic regeneration
a: Renounce Religion


You were on level 4 of the Dungeon.
You worshipped Xom.
You were a beloved toy of Xom.
You visited 1 branch of the dungeon, and saw 4 of its levels.

You collected 208 gold pieces.

Inventory:

Hand Weapons
 d - a +0 short sword
 g - a +0 club
 i - a +0 dagger of venom
 y - a +1 heavy falchion
 A - a +2 spear of flaming (weapon)
Missiles
 e - 44 stones
Armour
 a - a +2 leather armour
 f - a +0 leather armour
 h - a +0 ring mail
 k - a +0 scale mail
 p - a +0 pair of boots (worn)
 x - a +0 chain mail (worn)
Wands
 q - a wand of roots (14)
Scrolls
 c - 2 scrolls of poison {unknown}
 j - 2 scrolls of magic mapping {unknown}
 l - a scroll of identify {unknown}
 n - a scroll of immolation {unknown}
 o - a scroll of acquirement {unknown}
 t - a scroll of teleportation {unknown}
 w - a scroll of fog {unknown}
Potions
 m - a potion of might {unknown}
 r - a potion of curing {unknown}
 s - 2 potions of mutation {unknown}
 u - 2 potions of brilliance {unknown}
 v - a potion of resistance {unknown}
 z - a potion of heal wounds {unknown}
Miscellaneous
 b - a piece from Xom's chessboard (14/15) (quivered)


   Skills:
 + Level 4.4 Fighting
 + Level 3.4 Armour
 + Level 3.0 Dodging
 + Level 4.0 Unarmed Combat


You had 5 spell levels left.
You didn't know any spells.
Your spell library contained the following spells:

 Spells                   Type           Power      Damage    Failure   Level
 Shock                    Conj/Air       0%         1d3       99%         1
 Ozocubu's Armour         Ice            0%         N/A       100%        3
 Swiftness                Air            0%         N/A       100%        3
 Airstrike                Air            0%         2d(0-16)  100%        4
 Ozocubu's Refrigeration  Ice            0%         4d7       100%        7


Dungeon Overview and Level Annotations

Branches:
Dungeon (4/15)
 Temple: D:4-7

Altars:
Cheibriados
Hepliaklqana


Innate Abilities, Weirdness & Mutations

You have large cloven feet.
You are surrounded by a mild repulsion field. (EV +2)
You regenerate magic rapidly.


Message History

The fireball engulfs the orc!
The orc dies!
The fireball engulfs the kobold!
The kobold dies!
Something shouts, "Scamper hence, thou peeagling spur-galled nobody!"
The quokka closely misses you. The orc hits you but does no damage.
You hit the quokka but do no damage.
The quokka is heavily wounded.
The quokka closely misses you. The orc completely misses you.
You hit the quokka. You burn the quokka.
The quokka is severely wounded.
The quokka barely misses you. The orc misses you.
The quokka bites you but does no damage.
You barely miss the quokka. Your punch misses the quokka.
The quokka is severely wounded.
The centaur unwields a +0 shortbow.
The centaur closely misses you.
The centaur kicks you but does no damage.
The orc barely misses you.
The quokka bites you but does no damage.
The centaur barely misses you. The centaur closely misses you.
Unknown command.
You make a move on Xom's chessboard...
The centaur twists and deforms.
The centaur barely misses you.
The centaur kicks you but does no damage.
The orc hits you but does no damage. The quokka bites you.
* * * LOW HITPOINT WARNING * * *
Unknown command.
Xom asks Qazlal to spice things up a little.
The centaur hits you but does no damage.
The centaur barely misses you. The quokka barely misses you.
The centaur hits you but does no damage.
The centaur kicks you but does no damage.
You puncture the centaur! You burn the centaur.
The centaur is heavily wounded.
The quokka bites you but does no damage.
The centaur hits you.
* * * LOW HITPOINT WARNING * * *
The centaur closely misses you. The orc hits you with a +0 whip.
You die...
Xom is highly amused!

#.. ..<. ... ....
#.. ..... #.###
..... #...
......#§. ####
......#§#####.....
####.)§o@§†°..#
....).#rc°.#..#
####..§§§§☼...#
#.###....### #
#......# #....#.#
.....#.# ###....>.
...##.#.


You could see a centaur (misshapen), an orc and a quokka.

Vanquished Creatures
  A gnoll (D:3)
  2 adders
  A worm (D:3)
  2 dart slugs (D:1)
  4 orcs
  3 bats
  A giant cockroach (D:3)
  A goblin (D:1)
  4 hobgoblins
  2 jackals (D:3)
  5 kobolds
  2 quokkas
  2 ball pythons
  3 frilled lizards
  2 rats (D:3)
35 creatures vanquished.

Vanquished Creatures (collateral kills)
  Sigmund (D:2)
  Natasha (thrice) (D:2)
  2 adders (D:2)
  3 gnolls (D:2)
  A dart slug (D:2)
  An endoplasm (D:2)
  A giant cockroach (D:2)
  2 goblins (D:2)
  A hobgoblin (D:2)
  4 jackals (D:2)
  2 quokkas (D:2)
  2 kobolds (D:2)
  A rat (D:2)
24 creatures vanquished.

Vanquished Creatures (others)
  An orc wizard (D:4)
  An orc (D:4)
  A kobold (D:4)
3 creatures vanquished.

Grand Total: 62 creatures vanquished

Notes
Turn   | Place    | Note
-------+----------+-------------------------------------------
     0 | D:1      | subawu the Demonspawn Chaos Knight began the quest for the
                  | Orb.
     0 | D:1      | Reached XP level 1. HP: 18/18 MP: 1/1
    79 | D:1      | XOM: silly message
   111 | D:1      | Reached skill level 1 in Dodging
   280 | D:1      | Gained mutation: You regenerate magic rapidly. [demonic
                  | ancestry]
   280 | D:1      | Reached XP level 2. HP: 24/24 MP: 2/2
   843 | D:2      | Noticed Sigmund
   846 | D:2      | Killed Sigmund
   847 | D:2      | Reached XP level 3. HP: 25/30 MP: 3/3
   847 | D:2      | Gained mutation: You are surrounded by a mild repulsion
                  | field. (EV +2) [demonic ancestry]
   847 | D:2      | Reached XP level 4. HP: 31/37 MP: 4/4
   847 | D:2      | Reached XP level 5. HP: 35/42 MP: 5/5
   996 | D:2      | Noticed Natasha
  1000 | D:2      | Killed Natasha
  1001 | D:2      | Gained mutation: You have large cloven feet. [demonic
                  | ancestry]
  1001 | D:2      | Reached XP level 6. HP: 48/48 MP: 6/6
  1044 | D:2      | Noticed Natasha
  1044 | D:2      | XOM: 10-stop teleportation journey
  1051 | D:2      | XOM: polymorph cerulean imp -> iron imp
  1058 | D:2      | Killed Natasha
  1060 | D:2      | Killed Natasha
  1105 | D:2      | XOM: 6-stop teleportation journey
  1711 | D:3      | Found a snail-covered altar of Cheibriados.
  1752 | D:3      | Found a hazy altar of Hepliaklqana.
  1983 | D:3      | XOM: silly message
  2564 | D:4      | XOM: smoke on damage
  2576 | D:4      | XOM: destruction
  2581 | D:4      | XOM: fog
  2582 | D:4      | HP: 2/49 [centaur (2)]
  2582 | D:4      | Slain by an orc

Illustrated notes

Levels and vault maps discovered:
D:1:      kennysheep_arrival_seaside, layout_basic, minmay_split_cup_small
D:2:      layout_rooms, chequers_serial_rivers_small_3, uniq_natasha,
          uniq_sigmund
D:3:      wad_river_or_something, layout_rooms, nicolae_elyvilon_peaceful_grove,
          mainiacjoe_overflow_catwalk_spiral, nicolae_titane
D:4:      minmay_thinvault, layout_basic, serial_rivers,
          chequers_serial_rivers_small_3, chequers_serial_rivers_micro_a,
          chequers_serial_rivers_micro_a, chequers_serial_rivers_room_a,
          chequers_serial_rivers_large_b, chequers_serial_rivers_marsh

Skill      XL: |  1  2  3  4  5  6 |
---------------+-------------------+-----
Dodging        | 1 2 3 |  3.0
Armour         | 2 3 |  3.4
Unarmed Combat | 3 4 |  4.0
Fighting       | 4 |  4.4

Action                     |  1- 3 |  4- 6 || total
---------------------------+-------+-------++-------
  Melee: Unarmed           |    28 |       ||    28
         Dagger            |    17 |    36 ||    53
         Punch             |     2 |     4 ||     6
         Spear             |       |    37 ||    37
         Falchion          |       |    17 ||    17
  Evoke: Piece from Xom's  |       |     1 ||     1
 Armour: Leather armour    |     7 |       ||     7
         Ring mail         |     3 |       ||     3
         Scale mail        |     8 |    25 ||    33
         Chain mail        |       |    39 ||    39
  Dodge: Dodged            |    23 |    80 ||   103

Table legend: (Time is in decaauts)
 A = Elapsed time spent in this place.
 B = Non-inter-level travel time spent in this place.
 C = Inter-level travel time spent in this place.
 D = Time resting spent in this place.
 E = Time spent auto-exploring this place.
 F = Levels seen in this place.
 G = Mean time per level.
                   A        B        C        D        E       F      G
               +--------+--------+--------+--------+--------+-----+--------+
         Total |   2622 |   2364 |    258 |      0 |    672 |   4 |  655.5 |
       Dungeon |   2622 |   2364 |    258 |      0 |    672 |   4 |  655.5 |
               +--------+--------+--------+--------+--------+-----+--------+

Top non-repeatable levels by time:
     D:3: 994 daAuts
     D:1: 804 daAuts
     D:2: 793 daAuts
     D:4: 30 daAuts
